 Dungeon Crawl Stone Soup version 0.31-a0-234-gad7ace16ef (webtiles) character file.

Game seed: 6942734306184729744

193 qw the Shooter (level 5, -7/45 HPs)
             Began as a Minotaur Hexslinger on July 9, 2023.
             Mangled by Eustachio
             ... wielding a +0 falchion
              (9 damage)
             ... on level 4 of the Dungeon.
             The game lasted 00:01:14 (3094 turns).

qw the Shooter (Minotaur Hexslinger)                Turns: 3094, Time: 00:01:15

Health: -7/45      AC:  7    Str: 13    XL:     5   Next: 43%
Magic:  5/5        EV: 11    Int: 10    God:
Gold:   220        SH:  0    Dex: 20    Spells: 5/6 levels left

rFire   . . .        Y - +2 sling
rCold   . . .        (no shield)
rNeg    . . .        e - +0 ring mail
rPois   .            (helmet restricted)
rElec   .            (no cloak)
rCorr   .            l - +1 pair of gloves
SInv    .            (no boots)
Will    .....        (no amulet)
Stlth   +            f - +6 ring of dexterity
HPRegen 0.27/turn    (no ring)
MPRegen 0.09/turn

%: no passive effects
@: about to teleport
A: horns 2, retaliatory headbutt
a: no special abilities


You were on level 4 of the Dungeon.
You visited 1 branch of the dungeon, and saw 4 of its levels.

You collected 220 gold pieces.


Innate Abilities, Weirdness & Mutations

You have a pair of horns on your head.
You reflexively headbutt those who attack you in melee.


   Skills:
 - Level 3.0 Fighting
 + Level 5.4 Ranged Weapons
 - Level 1.4 Armour
 - Level 2.1 Dodging
 - Level 1.0 Spellcasting
 - Level 2.0 Hexes


You had 5 spell levels left.
You knew the following spells:

 Your Spells              Type           Power      Damage    Failure   Level
a - Slow                  Hex            16%        N/A       32%         1

Your spell library contained the following spells:

 Spells                   Type           Power      Damage    Failure   Level
 Inner Flame              Hex/Fire       2%         N/A       82%         3
 Portal Projectile        Hex/Tloc       4%         N/A       82%         3
 Cause Fear               Hex            2%         N/A       97%         4

Inventory:

Hand Weapons
 Y - a +2 sling (weapon)
Armour
 c - a +2 cloak
 e - a +0 ring mail (worn)
 l - a +1 pair of gloves (worn)
Jewellery
 f - a +6 ring of dexterity (left hand)
 o - a ring of resist corrosion
Scrolls
 a - a scroll of teleportation
 i - 2 scrolls of identify
 n - a scroll of brand weapon {unknown}
Potions
 b - a potion of attraction {unknown}
 d - a potion of resistance
 g - a potion of curing {unknown}
 h - 2 potions of enlightenment
 j - a potion of might
 k - a potion of berserk rage {unknown}
 m - a potion of heal wounds {unknown}

Dungeon Overview and Level Annotations

Branches:
Dungeon (4/15)
 Temple: D:4-7

Altars:

Annotations:
D:2 1 runed translucent door, exclusion: 2 gnolls, Crazy Yiuf
D:4 Eustachio


Message History

You shoot a sling bullet. The sling bullet hits the crimson imp.
The crimson imp is severely wounded.
The crimson imp blinks!
Eustachio hits you with a +0 falchion. The white imp gestures at you.
The puff of frost hits you!
The shadow imp hits you but does no damage.
You shoot a sling bullet.
The sling bullet closely misses Eustachio.
The white imp disappears in a puff of smoke!
Eustachio closely misses you.
The shadow imp shouts, "Slither away, thou jarring swag-bellied baggage!"
The shadow imp misses you. You furiously retaliate!
You headbutt the shadow imp, but do no damage.
Eustachio casts a spell.
Eustachio blinks!
The shadow imp gestures at you. Pain shoots through your body!
You shoot a sling bullet.
The sling bullet closely misses the shadow imp.
The crimson imp disappears in a puff of smoke!
The shadow imp hits you.
You shoot a sling bullet. The sling bullet hits the shadow imp.
The shadow imp is heavily wounded.
The shadow imp barely misses you.
Eustachio gestures wildly while chanting.
Eustachio blinks!
You shoot a sling bullet.
The sling bullet barely misses the shadow imp.
The shadow imp misses you.
You shoot a sling bullet.
The sling bullet closely misses the shadow imp.
The shadow imp gestures at you. Pain shoots through your body!
The shadow imp hits you.
Eustachio gestures wildly while chanting.
3094 ||| READING 2 scrolls of teleportation.
As you read the scroll of teleportation, it crumbles to dust.
You feel strangely unstable.
The shadow imp disappears in a puff of smoke!
Eustachio hits you with a +0 falchion!
You die...

##........}.##...###
#.....}.....#..}...###
#.}........##........#
.............#..........
####........##........}.
###...}..#.....}.....
###...##.}).......#
###......ยค......#
#####..@@....#
###5..5./# ###...## ##.#
#


You could see Eustachio, a white imp (summoned) and a shadow imp (summoned).

Vanquished Creatures
  A hound (D:4)
  An orc wizard (D:3)
  4 gnolls (D:2)
  3 adders
  3 orcs (D:3)
  8 bats
  8 endoplasms
  3 giant cockroaches
  7 goblins
  7 hobgoblins
  4 quokkas
  2 ball pythons
  3 frilled lizards
  8 kobolds
  2 rats (D:3)
64 creatures vanquished.

Notes
Turn   | Place    | Note
-------+----------+-------------------------------------------
     0 | D:1      | qw the Minotaur Hexslinger began the quest for the Orb.
     0 | D:1      | Reached XP level 1. HP: 16/16 MP: 1/1
     0 | D:1      | 0 ||| qw: Version: 0.3-a-51-g015441d
     0 | D:1      | 0 ||| qw: Game counter: 4297
     0 | D:1      | 0 ||| qw: Melee chars always use a shield: true
     0 | D:1      | 0 ||| qw: God list: Okawaru
     0 | D:1      | 0 ||| qw: Allow faded altars: false
     0 | D:1      | 0 ||| qw: Do Orc after clearing Dungeon:15 true
     0 | D:1      | 0 ||| qw: Do second Lair branch before Depths: true
     0 | D:1      | 0 ||| qw: Lair rune preference: random
     0 | D:1      | 0 ||| qw: Goals: Normal
     0 | D:1      | 0 ||| PLANNING D:1-11
   190 | D:1      | Reached skill level 3 in Ranged Weapons
   190 | D:1      | Reached XP level 2. HP: 21/23 MP: 2/2
   769 | D:1      | 769 ||| UPGRADING to +6 ring of dexterity.
   770 | D:1      | 770 ||| READING scroll labelled XEALINKORCHA.
   771 | D:1      | 771 ||| READING scroll labelled FOOF ZIULOYRPH.
   772 | D:1      | 772 ||| READING scroll labelled ZAIMNOUTRU.
   873 | D:1      | 873 ||| READING scroll labelled EGHAF WAIS.
   878 | D:1      | 878 ||| DRINKING 2 murky pink potions.
   879 | D:1      | 879 ||| DRINKING 2 viscous yellow potions.
   880 | D:1      | 880 ||| DROPPING scroll of poison.
   881 | D:1      | 881 ||| DROPPING potion of degeneration.
  1010 | D:2      | 1010 ||| UPGRADING to +0 leather armour.
  1022 | D:2      | 1022 ||| FLEEEEING.
  1023 | D:2      | 1023 ||| FLEEEEING.
  1032 | D:2      | 1032 ||| UPGRADING to +0 robe.
  1037 | D:2      | 1037 ||| UPGRADING to +0 leather armour.
  1047 | D:2      | 1047 ||| DROPPING +0 robe.
  1048 | D:2      | 1048 ||| UPGRADING to +0 ring mail.
  1058 | D:2      | 1058 ||| DROPPING +0 leather armour.
  1086 | D:2      | You fall into a shaft and drop 1 floor!
  1151 | D:2      | Reached XP level 3. HP: 29/29 MP: 3/3
  1273 | D:2      | 1273 ||| READING scroll labelled PEMOIXIRUE.
  1273 | D:2      | Found a faded altar of an unknown god.
  1277 | D:2      | HP: 5/29 [gnoll/+0 halberd (6)]
  1278 | D:2      | 1278 ||| READING 2 scrolls of teleportation.
  1335 | D:2      | 1335 ||| FLEEEEING.
  1336 | D:2      | 1336 ||| FLEEEEING.
  1337 | D:2      | 1337 ||| FLEEEEING.
  1366 | D:2      | 1366 ||| FLEEEEING.
  1367 | D:2      | 1367 ||| FLEEEEING.
  1369 | D:2      | Reached skill level 4 in Ranged Weapons
  1467 | D:2      | 1467 ||| Stepping ~*~*~tactically~*~*~ (water).
  1563 | D:2      | 1563 ||| Stepping ~*~*~tactically~*~*~ (water).
  1685 | D:2      | Reached skill level 1 in Armour
  1751 | D:2      | 1751 ||| FLEEEEING.
  1752 | D:2      | 1752 ||| FLEEEEING.
  1755 | D:2      | Reached XP level 4. HP: 28/36 MP: 4/4
  1899 | D:2      | Found a runed translucent door.
  1900 | D:2      | Noticed Crazy Yiuf
  1987 | D:2      | 1987 ||| READING scroll labelled LEUTUU KECEUNK.
  2431 | D:3      | Reached skill level 5 in Ranged Weapons
  2481 | D:3      | 2481 ||| Stepping ~*~*~tactically~*~*~ (outnumbered).
  2503 | D:3      | HP: 4/36 [something/magic dart (7)]
  2504 | D:3      | HP: 1/36 [something (3)]
  2509 | D:3      | Reached XP level 5. HP: 3/44 MP: 5/5
  2751 | D:3      | Reached skill level 3 in Fighting
  2964 | D:3      | 2964 ||| UPGRADING to +1 pair of gloves.
  2969 | D:3      | 2969 ||| READING scroll labelled XUEPPO HOORIWN.
  2970 | D:3      | 2970 ||| DRINKING 2 pink potions.
  2971 | D:3      | 2971 ||| DRINKING 2 viscous dark potions.
  2972 | D:3      | 2972 ||| DRINKING 2 bubbling brown potions.
  2973 | D:3      | 2973 ||| DROPPING potion of brilliance.
  3070 | D:4      | Noticed Eustachio
  3093 | D:4      | HP: 5/45 [shadow imp/nerve-wracking pain[Eustachio] (11)]
  3093 | D:4      | HP: 2/45 [shadow imp[Eustachio] (3)]
  3094 | D:4      | 3094 ||| READING 2 scrolls of teleportation.
  3094 | D:4      | Mangled by Eustachio

Levels and vault maps discovered:
D:1:      tarquinn_simple_flora_water_b, layout_loops_ring, glass_columns_b
D:2:      wander_river, layout_basic, shapermc_ecumenical_altar_mp_urbaneastern,
          uniq_crazy_yiuf_cottage
D:3:      layout_basic, kennysheep_generic_room_13
D:4:      minmay_skewed_foursquare, layout_basic, uniq_eustachio

Skill      XL: |  1  2  3  4  5 |
---------------+----------------+-----
Ranged Weapons | 3 4 5 |  5.4
Fighting       | 2 3 |  3.0
Armour         | 1 |  1.4
Dodging        | |  2.1
Spellcasting   | |  1.0
Hexes          | |  2.0

Action                     |  1- 3 |  4- 6 || total
---------------------------+-------+-------++-------
   Fire: Sling             |   129 |   114 ||   243
    Use: Scroll            |     6 |     3 ||     9
         Potion            |     2 |     3 ||     5
 Armour: Robe              |    14 |       ||    14
         Ring mail         |     7 |    31 ||    38
  Dodge: Dodged            |    56 |    39 ||    95

Table legend:
 A = Non-vault XP
 B = Vault XP
 C = Vault XP percentage of total XP
 D = Non-vault monster count
 E = Vault monster count
 F = Vault count percentage of total count
                 A         B        C        D         E       F
            +---------+---------+-------+---------+---------+-------
      Total |     263 |      13 |   4.7 |      57 |       7 |  10.9
            +---------+---------+-------+---------+---------+-------
        D:1 |      27 |       0 |   0.0 |      16 |       0 |   0.0
        D:2 |      98 |       0 |   0.0 |      19 |       0 |   0.0
        D:3 |      91 |       4 |   4.2 |      19 |       2 |   9.5
        D:4 |      47 |       9 |  16.1 |       3 |       5 |  62.5
            +---------+---------+-------+---------+---------+-------
